 Dungeon Crawl Stone Soup version 0.28-a0-1435-g82390b3a13 (webtiles) character file.

Game seed: 7741593207002149988

919 bande the Chopper (level 8, 0/49 HPs)
             Began as a Gargoyle Fighter on Jan 10, 2022.
             Slain by a shadow (4 damage)
             ... on level 4 of the Dungeon.
             The game lasted 00:08:46 (6372 turns).

bande the Chopper (Gargoyle Fighter)                Turns: 6372, Time: 00:08:46

Health: 0/49       AC: 20    Str: 20    XL:     8   Next: 9%
Magic:  8/8        EV:  7    Int:  9    God:
Gold:   1113       SH:  5    Dex: 11    Spells: 7/7 levels left

rFire   + . .      SeeInvis .   a - +1 war axe
rCold   + . .      Faith    .   c - +0 buckler
rNeg    + . .      Spirit   .   m - +0 chain mail
rPois   ∞          Reflect  .   (no helmet)
rElec   +          Harm     .   (no cloak)
rCorr   .          Rampage  .   f - +2 pair of gloves {Stlth+}
Will    .....                   h - +0 pair of boots
Stlth   ..........              (no amulet)
HPRegen 0.16/turn               b - ring of protection from fire
MPRegen 0.11/turn               j - ring of protection from cold

@: studying Shields
A: sickness immunity, AC +5, negative energy resistance 1, electricity
resistance, torment resistance 1, petrification resistance
a: no special abilities


You were on level 4 of the Dungeon.
You visited 1 branch of the dungeon, and saw 5 of its levels.

You collected 1113 gold pieces.

Inventory:

Hand Weapons
 a - a +1 war axe (weapon)
 n - a +0 flail
Armour
 c - a +0 buckler (worn)
 f - a +2 pair of gloves of stealth (worn)
 h - a +0 pair of boots (worn)
 k - an orb of mayhem
 m - a +0 chain mail (worn)
Jewellery
 b - a ring of protection from fire (left hand)
 j - a ring of protection from cold (right hand)
Scrolls
 g - a scroll of identify
 o - a scroll of enchant weapon
Potions
 d - 4 potions of might
 e - a potion of heal wounds
 i - a potion of ambrosia {unknown}
 l - a potion of haste {unknown}


   Skills:
 + Level 5.0 Fighting
 + Level 6.1 Axes
 + Level 5.8 Armour
 + Level 4.9 Shields


You had 7 spell levels left.
You didn't know any spells.
Your spell library contained the following spells:

 Spells                   Type           Power      Damage    Failure   Level
 Portal Projectile        Hex/Tloc       0%         N/A       100%        3
 Blade Hands              Tmut           0%         N/A       100%        5
 Excruciating Wounds      Necr           0%         N/A       100%        5


Dungeon Overview and Level Annotations

Branches:
Dungeon (5/15)
 Temple: D:4-7

Altars:

Shops:
D:2 =


Innate Abilities, Weirdness & Mutations

You are immune to sickness and miasma.
Your stone body is resilient. (AC +5)
You are immune to poison.
You resist negative energy. (rN+)
You are resistant to electric shocks. (rElec)
You are resistant to unholy torment.
You are immune to petrification.


Message History

The bullfrog skeleton hits you.
You completely miss the shadow. The shadow hits you.
Unknown command.
HP restored.
The shadow slips into darkness.
The shadow flickers and vanishes!
Deactivating autopickup; reactivate with Ctrl-A.
You climb upwards.
Reactivating autopickup.
There is a stone staircase leading down here.
Deactivating autopickup; reactivate with Ctrl-A.
You barely miss something.
The shadow strikes at you from the darkness!
Reactivating autopickup.
You hit the shadow but do no damage. The shadow hits you.
You closely miss the shadow. The shadow hits you.
You hit the shadow but do no damage.
The shadow slips into darkness.
The shadow flickers and vanishes!
Deactivating autopickup; reactivate with Ctrl-A.
The shadow strikes at you from the darkness!
Reactivating autopickup.
You closely miss the shadow.
The shadow slips into darkness.
The shadow flickers and vanishes!
Deactivating autopickup; reactivate with Ctrl-A.
You miss something.
The shadow strikes at you from the darkness!
* * * LOW HITPOINT WARNING * * *
Reactivating autopickup.
You hit the shadow.
The shadow is lightly damaged.
The shadow hits you.
You hit the shadow but do no damage.
The shadow is lightly damaged.
The shadow hits you. The shadow barely misses you.
You barely miss the shadow.
The shadow is lightly damaged.
The shadow hits you.
You die...

########## #........#
#.######.###### ###### #.#
#........# #....#
#.####.#.####.# #######<##.#
#.##.......##.# ### #........#.#
#.##.#.#.#.##.###.###.#####..#.#
#.##.#.#.#......W....(# #....#
#.##.#.#.####.#@......# ##.###
#.............##...##.## #.###
###...###########.###..# #....
#.#.#.# #.# ##.## ####. #.#...#
#####.# #..# #. #.##..# #....'##
##.# #. ##...## ##'##...# ##'##
#.
###.######...###.###...######.
#.#.##.+.⌠...###...⌠.'......


You could see a shadow.

Vanquished Creatures
  A hornet (D:4)
  An ogre (D:4)
  A black bear (D:4)
  A necrophage (D:4)
  A phantom (D:3)
  Blork the orc (D:4)
  A scorpion (D:4)
  A hound (D:4)
  A jelly (D:5)
  2 hound skeletons (D:4)
  3 adders
  5 river rats (D:4)
  An adder skeleton (D:4)
  6 worms
  2 dart slugs (D:3)
  2 orcs
  4 bats
  4 endoplasms
  6 giant cockroaches
  7 goblins
  5 hobgoblins
  3 jackals (D:1)
  4 kobolds
  3 quokkas
  2 ball pythons
  7 frilled lizards
  11 rats
86 creatures vanquished.

Notes
Turn   | Place    | Note
-------+----------+-------------------------------------------
     0 | D:1      | bande the Gargoyle Fighter began the quest for the Orb.
     0 | D:1      | Reached XP level 1. HP: 14/14 MP: 1/1
   246 | D:1      | Reached XP level 2. HP: 18/19 MP: 2/2
   449 | D:1      | Reached skill level 2 in Axes
   984 | D:1      | Reached XP level 3. HP: 24/24 MP: 3/3
  2137 | D:2      | Found Uniataaf's Jewellery Boutique.
  2782 | D:3      | Reached XP level 4. HP: 23/29 MP: 4/4
  2904 | D:3      | Noticed a phantom
  2915 | D:3      | Killed a phantom
  2916 | D:3      | Reached skill level 3 in Axes
  2916 | D:3      | Reached XP level 5. HP: 17/33 MP: 5/5
  3817 | D:4      | Noticed Blork the orc
  3829 | D:4      | Killed Blork the orc
  3830 | D:4      | Reached skill level 4 in Axes
  3830 | D:4      | Reached XP level 6. HP: 16/38 MP: 6/6
  4064 | D:4      | Identified 3 scrolls of acquirement
  4064 | D:4      | Acquired 965 gold pieces
  4067 | D:4      | Acquired a manual of Shields
  4069 | D:4      | Acquired a +2 pair of gloves of stealth
  4183 | D:4      | Noticed a necrophage
  4198 | D:4      | Killed a necrophage
  4225 | D:4      | Noticed a hornet
  4240 | D:4      | Killed a hornet
  4241 | D:4      | Reached skill level 5 in Axes
  4241 | D:4      | Reached skill level 5 in Armour
  4241 | D:4      | Reached XP level 7. HP: 24/44 MP: 7/7
  5891 | D:5      | Entered Level 5 of the Dungeon
  5916 | D:4      | Reached skill level 6 in Axes
  5916 | D:4      | Reached XP level 8. HP: 37/48 MP: 8/8
  6190 | D:5      | Noticed a shadow
  6193 | D:5      | Reached skill level 5 in Fighting
  6372 | D:4      | Slain by a shadow

Illustrated notes

Levels and vault maps discovered:
D:1:      dpeg_arrival_houses_and_road, layout_basic, nicolae_figureground_pulse
D:2:      layout_basic, serial_shops, shop, due_unseen_surprise
D:3:      layout_loops_ring, minmay_misc_feat_doors
D:4:      layout_loops_corners, lightli_sewer_entry_pipes, grunt_ministairs_13,
          minmay_misc_feat_secret_circle, uniq_blork_the_orc
D:5:      cheibrodos_fzero, layout_loops_cross, nicolae_shop_clearance

Skill      XL: |  1  2  3  4  5  6  7  8 |
---------------+-------------------------+-----
Axes           | 2 3 4 5 6 |  6.1
Armour         | 4 5 |  5.8
Fighting       | 4 5 |  5.0
Shields        | 4 |  4.9

Action                   |  1- 3 |  4- 6 |  7- 9 || total
-------------------------+-------+-------+-------++-------
Melee: War axe           |   137 |   100 |   120 ||   357
  Use: Scroll            |       |     8 |     1 ||     9
       Potion            |       |     1 |       ||     1
Armor: Scale mail        |    64 |    30 |       ||    94
       Chain mail        |       |    34 |    97 ||   131
Dodge: Dodged            |    71 |    25 |    55 ||   151
Block: Buckler           |    29 |    19 |    31 ||    79

Table legend: (Time is in decaauts)
 A = Elapsed time spent in this place.
 B = Non-inter-level travel time spent in this place.
 C = Inter-level travel time spent in this place.
 D = Time resting spent in this place.
 E = Time spent auto-exploring this place.
 F = Levels seen in this place.
 G = Mean time per level.
                   A        B        C        D        E       F      G
               +--------+--------+--------+--------+--------+-----+--------+
         Total |   6544 |   6379 |    165 |   1387 |   3923 |   5 | 1308.8 |
       Dungeon |   6544 |   6379 |    165 |   1387 |   3923 |   5 | 1308.8 |
               +--------+--------+--------+--------+--------+-----+--------+

Top non-repeatable levels by time:
     D:4: 2623 daAuts
     D:1: 1451 daAuts
     D:2: 1378 daAuts
     D:3: 1067 daAuts
     D:5: 23 daAuts
